Unix NetHack Version 5.0.0-0 post-release - last build May 31 2026 23:59:36 (970b52f25bf058293b47ddfd14a1e40e571c508c,branch:main).

Game began 2026-06-08 16:53:00, ended 2026-06-08 17:07:03.

AndiBanandi, neutral female gnomish Archeologist

                                                  -----
                                                 -.....-
                                                 ...  ..-- --- ---
                                              ---*.    ..|--.--|..---
                                      -      --...     -.|.....|..|.------ --
                               ----   .     --...-    --........--...||..--.--
                              --..|   -.    |....-- ---.......|.|-)..| ......--
                              |...|   |.-  --.....--|.........|.|....|--......|
                               -..--   .. --.......--.-..............--......--
                               |...-----.--...)...-.......................<...|
                               ---....--.........-..-................--.--.| --
                                 |.(....-..........|..--.....---....--------
                                --...............--|..|--....| --...-
                                |................------ |...-|  |....-
                                |....---.|........|     ---..|  ---...
                                ---..| ----..--..--       |..---  ---..
                                  |..-    ----|..|        |....--    -.|
                                  -..         |%.|        |.....|      -
                                   ...        |@s|        --...--
                                  ..--        |.>|         --..|
                                 ----         ----          ----
AndiBanandi the Field Worker  St:13 Dx:8 Co:14 In:19 Wi:12 Ch:9  Neutral
Dlvl:3  $:26 HP:0(26) Pw:17(17) AC:6  Xp:3 T:1678  Burdened

Latest messages:
 The cave spider bites!
 You kill the cave spider!
 You see here a cave spider corpse.
 You see an acid blob.
 There is a cave spider corpse here; eat it? [ynq] (n) q
 You have a little trouble lifting H - a cave spider corpse.
 You are beginning to feel hungry.
 You see a cave spider.
 You fall down the stairs.
 You see a jackal.
 You see a jackal.
 You see a hobgoblin.
 What do you want to eat?
 This cave spider corpse tastes okay.
 You stop eating the cave spider corpse.
 What do you want to eat?
 You resume your meal.
 You finish eating the cave spider corpse.
 The jackal bites!
 The jackal just misses!
 What do you want to eat?
 Never mind.
 What do you want to write with?
 You engrave in the stairs with a runed dagger.
 What do you want to engrave in the stairs here? 
 Never mind.
 What do you want to write with?
 You write in the dust with your fingertip.
 What do you want to write in the dust here? Elbereth
 The jackal turns to flee.
 The jackal turns to flee.
 You climb up the stairs.
 You see an acid blob.
 You see a cave spider.
 e - a +0 pick-axe (weapon in right hand).
 a - a +2 bullwhip (alternate weapon; not wielded).
 a - a +2 bullwhip (weapon in right hand).
 e - a +0 pick-axe (alternate weapon; not wielded).
 The cave spider bites!
 The cave spider bites!
 You kill the acid blob!
 You are splashed by the acid blob's acid!
 The cave spider bites!
 The cave spider bites!
 You die...
 Do you want your possessions identified? [ynq] (y) y
 Do you want to see your attributes? [ynq] (y) n
 Do you want an account of creatures vanquished? [ynaq] (y) n
 Do you want to see your conduct and achievements? [ynq] (y) y
 Do you want to see the dungeon overview? [ynq] (y) y

Inventory:
 Coins    ('$')
  $ - 26 gold pieces
 Weapons  (')')
  m - a fireproof +0 elven dagger
  B - a burnt +0 elven dagger
  a - a +2 bullwhip (weapon in right hand)
 Armor    ('[')
  c - an uncursed +0 fedora
  l - an uncursed +0 orcish helm (being worn)
  b - an uncursed +0 leather jacket
  o - an uncursed +0 ring mail (being worn)
 Comestibles  ('%')
  d - 4 uncursed food rations
  A - an uncursed lembas wafer
  x - an uncursed homemade tin of jackal meat
  s - an uncursed homemade tin of kobold meat
  q - an uncursed homemade tin of large kobold meat
  z - an uncursed homemade tin of sewer rat meat
 Scrolls  ('?')
  t - an uncursed scroll of destroy armor
  C - an uncursed scroll of food detection
  r - an uncursed scroll of scare monster
 Potions  ('!')
  y - an uncursed potion of healing
  u - an uncursed potion of speed
 Wands    ('/')
  G - a wand of opening (0:6)
 Tools    ('(')
  h - an empty uncursed sack
  e - a +0 pick-axe (alternate weapon; not wielded)
  j - an uncursed stethoscope
  D - a cursed tallow candle
  i - an uncursed tin opener
  f - a tinning kit (0:30)
 Gems/Stones  ('*')
  F - an uncursed garnet stone
  E - a cursed worthless piece of blue glass
  v - 2 uncursed worthless pieces of orange glass
  g - an uncursed touchstone

AndiBanandi the Archeologist's attributes:

Background:
 You were a Field Worker, a level 3 female gnomish Archeologist.
 You were neutral, on a mission for Camaxtli
 who was opposed by Quetzalcoatl (lawful) and Huhetotl (chaotic).
 You were right-handed.
 You were in the Gnomish Mines, on level 3.
 You entered the dungeon 1678 turns ago.
 You had 74 experience points, 6 more were needed to attain level 4.

Basics:
 You had 0 out of 26 hit points.
 You had all 17 energy points (spell power).
 Your armor class was 6.
 Your wallet contained 26 zorkmids.
 Autopickup was on for '$"/!?+' plus thrown.

Final Characteristics:
 Your strength was 13 (limit:18/50).
 Your dexterity was 8 (limit:18).
 Your constitution was 14 (limit:18).
 Your intelligence was 19 (limit:19).
 Your wisdom was 12 (limit:18).
 Your charisma was 9 (limit:18).

Final Status:
 You weren't hungry.
 You were burdened; movement was slightly slowed.
 You were wielding a whip.
 You had basic skill with whip.

Final Attributes:
 You were devoutly aligned.
 You had automatic searching.
 You had infravision.
 You were warded.
 You are dead.

Miscellaneous:
 You didn't encounter any bones levels.
 Total elapsed playing time was 14 minutes and 2 seconds.

Major events:
 Turn
    1: AndiBanandi the neutral female gnomish Archeologist entered the dungeon
  851: attained the rank of Field Worker (level 3)
 1347: entered the Gnomish Mines
 1678: killed by a cave spider

You didn't know any spells.

Skills:
 Fighting Skills
   bare handed combat [Unskilled]
   two weapon combat  [Unskilled]
   riding             [Unskilled]
 Weapon Skills
   dagger             [Unskilled]
   knife              [Unskilled]
   pick-axe           [Basic]
   short sword        [Unskilled]
   saber              [Unskilled]
   club               [Unskilled]
   quarterstaff       [Unskilled]
   sling              [Unskilled]
   dart               [Unskilled]
   boomerang          [Unskilled]
   whip               [Basic]
   unicorn horn       [Unskilled]
 Spellcasting Skills
   attack spells      [Unskilled]
   healing spells     [Unskilled]
   divination spells  [Unskilled]
   matter spells      [Unskilled]

Voluntary challenges:
 Character rerolling was not enabled.
 You never had a pet.
 You never genocided any monsters.
 You never polymorphed an object.
 You never changed form.
 You used no wishes.
Achievements:
 You attained the rank of Field Worker.
 You entered the Gnomish Mines.

 The Dungeons of Doom: levels 1 to 2
    Level 1:
       Some fountains.
    Level 2:
       A fountain.
       Stairs down to The Gnomish Mines.
 The Gnomish Mines: levels 3 to 4
    Level 3: <- You were here.
       Final resting place for
          you, killed by a cave spider.
    Level 4:


Vanquished creatures:
 an iguana
 an acid blob
  3 coyotes
  a gas spore
  a large kobold
  a cave spider
  a red mold
  2 geckos
  8 jackals
  a fox
  a goblin
  3 sewer rats
  5 grid bugs
  a lichen
  2 kobold zombies
  4 newts
36 creatures vanquished.

No species were genocided or became extinct.

Game over:
                       ----------
                      /          \
                     /    REST    \
                    /      IN      \
                   /     PEACE      \
                  /                  \
                  |   AndiBanandi    |
                  |      26 Au       |
                  | killed by a cave |
                  |      spider      |
                  |                  |
                  |                  |
                  |       2026       |
                 *|     *  *  *      | *
        _________)/\\_//(\/(/\)/\//\/|_)_______

Goodbye AndiBanandi the Archeologist...

You died in The Gnomish Mines on dungeon level 3 with 480 points,
and 26 pieces of gold, after 1678 moves.
You were level 3 with a maximum of 26 hit points when you died.

